 Dungeon Crawl Stone Soup version 0.26-a0-597-gb535b0901c (webtiles) character file.

Game seed: 8957375337721361209

826 MalarOregon the Conjurer (level 7, 0/57 HPs)
             Began as a Black Draconian Conjurer on Sept 9, 2020.
             Slain by an ogre
             ... wielding a +0 giant spiked club
              (29 damage)
             ... on level 5 of the Dungeon.
             The game lasted 00:13:11 (6573 turns).

MalarOregon the Conjurer (Black Draconian Conjurer) Turns: 6573, Time: 00:13:13

Health: 0/57       AC:  6    Str: 11    XL:     7   Next: 64%
Magic:  11/11      EV: 14    Int: 21    God:
Gold:   249        SH:  0    Dex: 15    Spells: 9/13 levels left

rFire    . . .     SeeInvis .   s - +5 dagger (venom)
rCold    . . .     Faith    +   (no shield)
rNeg     . . .     Spirit   .   (armour unavailable)
rPois    .         Reflect  .   (helmet restricted)
rElec    +         Harm     .   (no cloak)
rCorr    .                      (no gloves)
MR       .....                  (no boots)
Stlth    ++........             g - amulet of faith {!P}
HPRegen  0.19/turn              k - +6 ring of dexterity
MPRegen  0.12/turn              m - +4 ring of slaying

@: slowed, very slow
A: breathe lightning, unfitting armour, blurry vision 1, deterioration 1, low mp
1, electricity resistance, strong 1, cold-blooded, AC +6
a: Breathe Lightning


You were on level 5 of the Dungeon.
You visited 1 branch of the dungeon, and saw 5 of its levels.

You collected 249 gold pieces.

Inventory:

Hand Weapons
 s - a +5 dagger of venom (weapon)
   (You took it off an orc wizard on level 3 of the Dungeon)
Missiles
 a - 268 stones (quivered)
 p - 2 throwing nets {!f}
Jewellery
 g - an amulet of faith (around neck) {!P}
   (You found it on level 2 of the Dungeon)
 k - a +6 ring of dexterity (left hand)
   (You found it on level 4 of the Dungeon)
 m - a +4 ring of slaying (right hand)
   (You found it on level 5 of the Dungeon)
Wands
 j - a wand of enslavement (2)
   (You found it on level 2 of the Dungeon)
 x - a wand of acid (6)
   (You found it on level 5 of the Dungeon)
Scrolls
 b - 5 scrolls of teleportation {@r4}
 c - a scroll of identify {@r1}
 e - a scroll of fog
 h - a scroll of magic mapping
 o - 4 scrolls of remove curse {@r2}
 q - a scroll of immolation {unknown}
Potions
 d - 3 potions of brilliance
 f - a potion of haste {@q3}
 i - a potion of curing {@q1}
 l - a potion of flight
 n - 2 potions of might {unknown}


   Skills:
 + Level 3.1 Fighting
 + Level 2.6 Short Blades
 + Level 3.4 Dodging
 - Level 1.7 Stealth
 + Level 3.5 Spellcasting
 - Level 6.0 Conjurations
 * Level 3.1 Hexes


You had 9 spell levels left.
You knew the following spells:

 Your Spells              Type           Power        Failure   Level
z - Fulminant Prism       Conj/Hex       ###.......   19%         4

Your spell library contained the following spells:

 Spells                   Type           Power        Failure   Level
 Magic Dart               Conj           ####         1%          1
 Searing Ray              Conj           ####..       1%          2
 Dazzling Flash           Conj/Hex       ###...       6%          3
 Iskenderun's Mystic Bla  Conj/Tloc      ###.....     36%         4


Dungeon Overview and Level Annotations

Branches:
Dungeon (5/15)             Temple (0/1) D:5

Altars:
Makhleb
Ru
The Shining One


Innate Abilities, Weirdness & Mutations

You can breathe wild blasts of lightning.
Your glossy black scales are hard. (AC +6)
You cannot fit into any form of body armour.
You are resistant to electric shocks. (rElec)
You are cold-blooded and may be slowed by cold attacks.
Scrolls take you a little longer to read.
Your body sometimes deteriorates upon taking damage.
Your magical capacity is low. (-10% MP)
Your muscles are strong. (Str +2)


Message History

You puncture the orc wizard! The orc wizard casts a spell at you.
You feel yourself slow down.
You hit the orc wizard.
You kill the orc wizard!
Your Hexes skill increases to level 3!
You hit the orc.
The orc is poisoned.
The orc hits you but does no damage. The orc hits you with a +0 falchion.
You hit the orc but do no damage.
You kill the orc!
The orc priest looks encouraged for a moment.
The orc priest invokes the aid of Beogh against you.
Beogh smites you!
An orc wizard and an ogre come into view.
The orc wizard shouts!
The orc priest hits you but does no damage.
Found a staircase to the Ecumenical Temple.
Items here: )) [[ †.
You puncture the orc priest!
The orc priest is poisoned.
The orc priest barely misses you.
You barely miss the orc priest. The orc priest hits you.
The orc wizard hits you but does no damage.
The orc priest hits you but does no damage.
You hit the orc priest.
The orc priest looks as sick as possible!
The orc wizard hits you but does no damage.
The orc priest invokes the aid of Beogh against you.
Pain shoots through your body!
You kill the orc priest!
The orc wizard casts a spell at you. You resist with some effort.
You see here an orc corpse.
You hit the orc wizard.
The orc wizard is poisoned.
The orc wizard hits you but does no damage.
The orc wizard hits you with a +0 dagger.
You barely miss the orc wizard. You tail-slap the orc wizard.
The orc wizard hits you with a +0 dagger.
You closely miss the orc wizard. The orc wizard casts a spell at you.
The magic dart hits you.
* * * LOW HITPOINT WARNING * * *
You hit the orc wizard.
You kill the orc wizard!
You feel your intelligence returning.
You hit the ogre.
The ogre is poisoned.
Your tail-slap misses the ogre.
The ogre barely misses you.
You puncture the ogre!
The ogre looks as sick as possible!
The ogre misses you.
The ogre hits you with a +0 giant spiked club!!
Ouch! That really hurt!
You die...

. ..# >...
#P.#### .#
#...?[##.#
#)##.#
#)##.#
#O##>#
#@##.#
#.##.##
#.....#
####..##
#.....#
###.....#
#.......#
#.#.....#
#.#.....#


You could see an ogre (extremely poisoned).

Vanquished Creatures
  A black bear (D:4)
  An ogre (D:5)
  A wyvern zombie (D:4)
  2 orc priests (D:5)
  A hound (D:4)
  Terence (D:2)
  4 orc wizards
  3 worker ants
  4 gnolls
  6 adders
  A shadow imp (D:5)
  2 white imps
  2 ufetubi
  3 oozes
  5 worms
  3 dart slugs
  4 leopard geckos
  13 orcs
  3 giant cockroaches
  7 goblins
  9 hobgoblins
  8 jackals
  A quokka (D:5)
  9 bats
  2 frilled lizards (D:4)
  8 kobolds
  A quokka skeleton (D:5)
  8 rats
113 creatures vanquished.

Vanquished Creatures (collateral kills)
  An orc (D:3)
  A goblin (D:3)
  A kobold (D:3)
3 creatures vanquished.

Vanquished Creatures (others)
  A bullfrog zombie (D:3)
  3 fulminant prisms (D:4)
  A plant (D:5)
5 creatures vanquished.

Grand Total: 121 creatures vanquished

Notes
Turn   | Place    | Note
-------+----------+-------------------------------------------
     0 | D:1      | MalarOregon the Draconian Conjurer began the quest for the
                  | Orb.
     0 | D:1      | Reached XP level 1. HP: 14/14 MP: 3/3
   303 | D:1      | Reached XP level 2. HP: 22/22 MP: 0/5
   808 | D:1      | Reached skill level 1 in Fighting
   809 | D:1      | Reached XP level 3. HP: 28/28 MP: 2/6
  1999 | D:2      | Noticed Terence
  2008 | D:2      | Killed Terence
  2008 | D:2      | Reached skill level 1 in Short Blades
  2008 | D:2      | Reached XP level 4. HP: 35/35 MP: 1/7
  2722 | D:2      | Learned a level 4 spell: Fulminant Prism
  3174 | D:3      | Reached XP level 5. HP: 41/41 MP: 4/8
  3273 | D:2      | Reached skill level 5 in Conjurations
  3811 | D:2      | Reached skill level 1 in Hexes
  4198 | D:3      | Reached XP level 6. HP: 23/48 MP: 4/10
  4206 | D:2      | Gained mutation: Scrolls take you a little longer to read.
                  | [potion of mutation]
  4206 | D:2      | Gained mutation: Your body sometimes deteriorates upon
                  | taking damage. [potion of mutation]
  4206 | D:2      | Gained mutation: Your magical capacity is low. (-10% MP)
                  | [potion of mutation]
  4206 | D:2      | Gained mutation: Your muscles are strong. (Str +2) [potion
                  | of mutation]
  4707 | D:3      | Found a burning altar of Makhleb.
  4707 | D:3      | Found a sacrificial altar of Ru.
  5545 | D:4      | Your scales start taking on a glossy black colour.
  5545 | D:4      | Reached XP level 7. HP: 53/56 MP: 10/10
  5545 | D:4      | Gained mutation: You are resistant to electric shocks.
                  | (rElec) [Black Draconian growth]
  5751 | D:5      | Entered Level 5 of the Dungeon
  6272 | D:5      | Found a glowing golden altar of the Shining One.
  6415 | D:5      | Reached skill level 6 in Conjurations
  6561 | D:5      | Found a staircase to the Ecumenical Temple.
  6573 | D:5      | Slain by an ogre

Illustrated notes

Levels and vault maps discovered:
D:1:      dpeg_arrival_arbitrary_a, layout_loops_ring
D:2:      layout_basic, uniq_terence
D:3:      layout_rooms, gammafunk_temple_overflow_wave, eino_tiny_chamber,
          kennysheep_nub, chequers_garden
D:4:      layout_basic
D:5:      layout_loops_ring, lemuel_doored_altar, kennysheep_mini,
          okawaru_metal_pillars_1_2, minmay_temple_entry_gardened_gates

Skill      XL: |  1  2  3  4  5  6  7 |
---------------+----------------------+-----
Dodging        | 2 3 |  3.4
Fighting       | 1 2 3 |  3.1
Short Blades   | 1 2 |  2.6
Conjurations   | 5 6 |  6.0
Hexes          | 1 2 3 |  3.1
Spellcasting   | 3 |  3.5
Stealth        | |  1.7

Action                   |  1- 3 |  4- 6 |  7- 9 || total
-------------------------+-------+-------+-------++-------
Melee: Unarmed           |    12 |       |       ||    12
       Tailslap          |     6 |    11 |     7 ||    24
       Dagger            |    28 |   160 |    86 ||   274
Throw: Stone             |     4 |       |       ||     4
 Cast: Magic Dart        |    63 |    58 |       ||   121
       Fulminant Prism   |       |     3 |       ||     3
Evoke: Wand              |       |     1 |       ||     1
  Use: Scroll            |       |     9 |     2 ||    11
       Potion            |       |     6 |       ||     6
 Stab: Sleeping          |       |     1 |     1 ||     2
Armor: Skin              |     7 |    52 |    26 ||    85
Dodge: Dodged            |    25 |   130 |    53 ||   208

Table legend: (Time is in decaauts)
 A = Elapsed time spent in this place.
 B = Non-inter-level travel time spent in this place.
 C = Inter-level travel time spent in this place.
 D = Time resting spent in this place.
 E = Time spent auto-exploring this place.
 F = Levels seen in this place.
 G = Mean time per level.
                   A        B        C        D        E       F      G
               +--------+--------+--------+--------+--------+-----+--------+
         Total |   6549 |   6352 |    197 |   2181 |   3230 |   5 | 1309.8 |
       Dungeon |   6549 |   6352 |    197 |   2181 |   3230 |   5 | 1309.8 |
               +--------+--------+--------+--------+--------+-----+--------+

Top non-repeatable levels by time:
     D:2: 2895 daAuts
     D:1: 1312 daAuts
     D:4: 1063 daAuts
     D:3: 666 daAuts
     D:5: 612 daAuts
